 Dungeon Crawl Stone Soup version 0.16-a0-3496-g6490362 (webtiles) character file.

33071 Kemay the Spry (level 13, -3/93 HPs)
             Began as a Merfolk Transmuter on Jan 5, 2015.
             Was an Elder of Sif Muna.
             Slain by Donald
             ... wielding a +0 scimitar of flaming
              (24 damage)
             ... on level 4 of the Orcish Mines.
             The game lasted 01:40:40 (18432 turns).

Kemay the Spry (Merfolk Transmuter)                Turns: 18432, Time: 01:40:41

Health: -3/93      AC:  2    Str: 10    XL:     13   Next: 68%
Magic:  28/28      EV: 40    Int: 21    God:    Sif Muna [****..]
Gold:   2002       SH:  0    Dex: 24    Spells: 4 memorised, 13 levels left

rFire  . . .     SeeInvis .     y - melded +5 lightning rod (13/13)
rCold  . . .     Clarity  .     c - melded +2 robe
rNeg   . . .     SustAb   .     (shield currently unavailable)
rPois  x         Gourm    .     g - melded +2 hat
rElec  .         Spirit   .     Y - melded +0 cloak
rCorr  .         Warding  .     (gloves currently unavailable)
rMut   .         Stasis   .     W - melded +1 pair of boots
MR     .....                    h - amulet of regeneration
Stlth  ++........               M - +5 ring of intelligence
                                m - +3 ring of dexterity

@: spider-form, studying Fighting, not resistant to hostile enchantments,
unstealthy
A: (change form in water), (swift swim)
a: End Transformation, Channel Energy, Forget Spell, Renounce Religion


You were on level 4 of the Orcish Mines.
You worshipped Sif Muna.
Sif Muna was greatly pleased with you.
You were hungry.
You were a venomous arachnid creature.
You visited 4 branches of the dungeon, and saw 19 of its levels.
You also visited: Sewer, Bailey and Volcano.

You collected 2002 gold pieces.

Inventory:

Hand weapons
 K - the cursed +14 obsidian axe {chop, +Fly Str+3 SInv Curse}
   (You found it in a bailey)

   It inflicts extra damage upon your enemies.
   It affects your strength (+3).
   It enhances your eyesight.
   It lets you fly.
   It may recurse itself when equipped.
   It has a curse placed upon it.
Armour
 c - a +2 robe (melded)
 f - the +3 hat of Pondering {ponderous, MR+ MP+10 Int+5}
   (You took it off Gastronok on level 3 of the Lair of Beasts)

   It affects your intelligence (+5).
   It affects your resistance to hostile enchantments.
   It affects your magic capacity (+10).
 g - a +2 hat (melded)
 W - a +1 pair of boots (melded)
 Y - a +0 cloak (melded)
Rods
 y - a +5 lightning rod (13/13) (melded)
   (You found it on level 5 of the Dungeon)
Jewellery
 h - an amulet of regeneration (around neck)
 m - a +3 ring of dexterity (left front leg)
 u - a +2 ring of strength
 M - a +5 ring of intelligence (right front leg)
 X - an uncursed ring of fire
Magical devices
 i - a wand of teleportation (9)
 k - a wand of disintegration (13)
 x - a wand of flame (28)
 J - a wand of confusion (18)
 N - a wand of fireball (2)
 P - a wand of disintegration (14)
 S - a wand of slowing (24)
 V - a wand of flame (21)
Scrolls
 b - 8 scrolls of remove curse
 r - 6 scrolls of teleportation
 v - a scroll of magic mapping
 z - 2 scrolls of fear
 G - 2 scrolls of fog
 I - a scroll of blinking
Potions
 e - 2 potions of brilliance
 j - 3 potions of flight
 l - a potion of agility
 o - a potion of might
 A - 6 potions of curing
 B - 2 potions of berserk rage
 C - 2 potions of magic
 D - 4 potions of haste
 E - a potion of mutation
 H - a potion of degeneration {unknown}
 O - 2 potions of resistance {unknown}
 Q - a potion of restore abilities {unknown}
 T - 2 potions of poison {unknown}
 U - a potion of lignification {unknown}
Books
 d - a book of Changes

   Spells                             Type                      Level
   a - Beastly Appendage              Transmutation                1
   b - Sticks to Snakes               Transmutation                2
   c - Spider Form                    Transmutation/Poison         3
   d - Ice Form                       Ice/Transmutation            4
   e - Blade Hands                    Transmutation                5
 w - an Akashic Record {highlevel, unknown}

   This book is beyond your current level of understanding.

   Spells                             Type                      Level
   a - Dispersal                      Translocation                6
   b - Controlled Blink               Translocation                7
   c - Malign Gateway                 Summoning/Translocation      7
   d - Disjunction                    Translocation                8
   e - Singularity                    Translocation                9
 F - a manual of Fighting
 L - an Akashic Record {highlevel, unknown}

   This book is beyond your current level of understanding.

   Spells                             Type                      Level
   a - Dispersal                      Translocation                6
   b - Controlled Blink               Translocation                7
   c - Malign Gateway                 Summoning/Translocation      7
   d - Disjunction                    Translocation                8
   e - Singularity                    Translocation                9
Miscellaneous
 R - a legendary deck of wonders
Comestibles
 a - 9 bread rations
 n - 4 beef jerkies
 p - a fruit
 t - 7 meat rations


   Skills:
 - Level 6.2 Fighting
 + Level 17.4 Dodging
 - Level 12.3 Unarmed Combat
 - Level 7.1 Spellcasting
 - Level 12.2 Transmutations
 - Level 3.2 Ice Magic
 - Level 2.3 Poison Magic
 - Level 5.1 Evocations


You had 13 spell levels left.
You knew the following spells:

 Your Spells              Type           Power        Failure   Level  Hunger
a - Beastly Appendage     Trmt           ######       1%          1    None
b - Spider Form           Trmt/Pois      #####.....   6%          3    None
c - Ice Form              Ice/Trmt       #####...     12%         4    ###....
d - Blade Hands           Trmt           ######....   6%          5    #####..


Dungeon Overview and Level Annotations

Branches:
Dungeon (11/15)            Temple (1/1) D:6            Lair (3/8) D:11
  Snake (0/5) Lair:3          Orc (4/4) D:11            Elf (0/3) Orc:3
  Swamp: Lair:3-6    Shoals: Lair:3-6

Altars:
Ashenzari
Cheibriados
Dithmenos
Elyvilon
Fedhas
Gozag
Kikubaaqudgha
Makhleb
Nemelex Xobeh
Okawaru
Qazlal
Ru
Sif Muna
Trog
Vehumet
Xom
Yredelemnul
Zin
The Shining One
Beogh

Shops:
D:5 (

Annotations:
D:11 exclusion: hydra
Lair:3 runed door
Orc:4 Donald, Nessos


Message History

Donald is heavily wounded.
Donald says, "Found the spell you wanted yet?"
Donald completely misses you. The orc completely misses you.
Donald blocks your attack.
Donald is heavily wounded.
Donald completely misses you.
You hit Donald but do no damage.
Donald is heavily wounded.
The orc misses you.
You hit Donald.
Donald is severely wounded.
Donald hits you with a scimitar of flaming!!
Donald burns you!
* * * LOW HITPOINT WARNING * * *
Donald blocks your attack.
Donald is severely wounded.
The orc closely misses you.
Donald says, "Imagine how many trees were cut down to fuel your hobby."
Donald hits you with a scimitar of flaming!!
You die...

...... #......##
........###
........#.## ##
........)...# #.##
.......)...###...#
.....#....)...# .
#.##.@)..#.#
###..os....#
##.......#
#....$..##
.......###
.......#.#
......### .......#
.....## .##


You could see Donald and an orc.

Vanquished Creatures
  Maud (Lair:3)
  Gastronok (Lair:3)
  A hydra (Lair:3)
  Harold (Orc:3)
  Erica (Orc:3)
  The ghost of Kemay the Nimble, a powerful MfTm of Sif Muna (Bailey)
  The ghost of UristMcMason the Thaumaturge, a powerful DEEE of Vehumet (D:11)
  Urug (D:11)
  An orc high priest (Orc:3)
  An orc knight (Bailey)
  A lindwurm (Volcano)
  Pikel (D:8)
  4 hill giants
  A griffon (Lair:3)
  The ghost of anything the Archer, an experienced CeHu (D:7)
  A black mamba (Lair:3)
  5 spiny frogs
  A molten gargoyle (Volcano)
  A torpor snail (Lair:3)
  Psyche (Orc:2)
  3 gargoyles (Volcano)
  3 komodo dragons
  A fire drake (Lair:3)
  Prince Ribbit (D:8)
  3 two-headed ogres
  6 blink frogs
  3 basilisks
  2 fire vortices (Volcano)
  17 yaks
  A spriggan (D:7)
  A deep elf mage (D:9)
  A wyvern (Lair:3)
  5 fire elementals (Volcano)
  5 water moccasins
  A hungry ghost (D:7)
  4 hippogriffs
  6 wolves (Lair:2)
  2 nagas (Lair:3)
  6 porcupines
  20 orc warriors
  3 sky beasts
  3 slaves (D:8)
  An ice beast (D:9)
  9 ogres
  5 phantoms
  A boring beetle (Lair:3)
  7 crocodiles
  5 centaurs
  Sigmund (D:2)
  16 giant frogs
  A gnoll sergeant (D:8)
  4 scorpions
  9 wights
  4 crimson imps
  A giant frog zombie (D:9)
  A goliath beetle (D:6)
  A centaur zombie (D:10)
  6 hounds
  2 quasits
  3 jellies
  13 orc priests
  A centaur skeleton (D:4)
  4 giant frog skeletons
  6 worker ants
  13 orc wizards
  6 iguanas
  Ijyb (D:2)
  A hound zombie (D:7)
  Terence (D:2)
  A hound skeleton (D:10)
  Robin (D:2)
  8 gnolls (D:8)
  15 river rats
  A worker ant zombie (D:6)
  17 adders
  2 giant mites
  4 worms
  4 shadow imps
  An adder zombie (D:7)
  5 giant geckos
  An ooze (D:1)
  106 orcs
  A bat skeleton (D:4)
  A bat zombie (D:7)
  7 giant cockroaches
  29 goblins
  16 hobgoblins
  8 jackals
  6 quokkas
  10 bats
  A giant gecko skeleton (D:4)
  25 giant newts
  2 giant spores
  12 kobolds
  14 rats
  A plant (D:11)
546 creatures vanquished.

Vanquished Creatures (others)
  An orc wizard (Orc:4)
  A goblin (Orc:1)
  A hobgoblin (Orc:1)
  A quokka skeleton (D:8)
  A fungus (Lair:3)
  2 plants (D:11)
7 creatures vanquished.

Grand Total: 553 creatures vanquished

Notes
Turn   | Place    | Note
--------------------------------------------------------------
     0 | D:1      | Kemay, the Merfolk Transmuter, began the quest for the Orb.
     0 | D:1      | Reached XP level 1. HP: 15/15 MP: 3/3
   442 | D:1      | Reached XP level 2. HP: 21/21 MP: 2/4
   916 | D:1      | Reached skill level 4 in Transmutations
  1380 | D:2      | Reached XP level 3. HP: 26/26 MP: 6/6
  1637 | D:2      | Noticed Terence
  1644 | D:2      | Learned a level 3 spell: Spider Form
  1647 | D:2      | Noticed Sigmund
  1695 | D:2      | Killed Terence
  1714 | D:2      | Reached skill level 1 in Poison Magic
  1773 | D:2      | Reached skill level 5 in Transmutations
  1837 | D:2      | Reached XP level 4. HP: 32/32 MP: 3/7
  1881 | D:2      | Noticed Robin
  1927 | D:2      | Killed Robin
  2192 | D:2      | Killed Sigmund
  2192 | D:2      | Reached XP level 5. HP: 36/39 MP: 6/9
  2226 | D:2      | Noticed a phantom
  2270 | D:2      | Killed a phantom
  2270 | D:2      | Reached XP level 6. HP: 41/47 MP: 6/10
  2394 | D:2      | Noticed Ijyb
  2410 | D:2      | Killed Ijyb
  2556 | D:3      | Found an ancient bone altar of Kikubaaqudgha.
  2745 | D:3      | Reached skill level 5 in Unarmed Combat
  2846 | D:3      | Found a white marble altar of Elyvilon.
  3526 | D:4      | Reached skill level 6 in Unarmed Combat
  3526 | D:4      | Reached XP level 7. HP: 52/52 MP: 9/12
  3675 | D:4      | Got an ancient quarterstaff
  3680 | D:4      | Identified the +3 quarterstaff "Zyorphytwu" {crush, rC+ Stlth++} (You found it on level 4 of the Dungeon)
  4028 | D:5      | Entered Level 5 of the Dungeon
  4067 | D:5      | Found a burning altar of Makhleb.
  4072 | D:5      | Reached skill level 7 in Unarmed Combat
  4294 | D:5      | Found a sacrificial altar of Ru.
  4378 | D:5      | Reached skill level 8 in Unarmed Combat
  4378 | D:5      | Reached XP level 8. HP: 47/58 MP: 7/13
  4501 | D:5      | Found a glowing drain.
  4505 | Sewer    | Entered a sewer
  4862 | D:5      | Found Duarghuwn's Antique Weapon Boutique.
  5098 | D:6      | Reached skill level 9 in Unarmed Combat
  5329 | D:6      | Found a staircase to the Ecumenical Temple.
  5376 | Temple   | Entered the Ecumenical Temple
  5442 | Temple   | Became a worshipper of Sif Muna the Loreminder
  5735 | D:6      | Found a shimmering altar of Xom.
  5847 | D:7      | Reached skill level 10 in Unarmed Combat
  5960 | D:7      | Noticed anything's ghost (experienced CeHu)
  5982 | D:7      | Killed anything's ghost
  5982 | D:7      | Reached skill level 5 in Dodging
  5982 | D:7      | Reached XP level 9. HP: 64/64 MP: 12/18
  6302 | D:7      | Acquired Sif Muna's first power
  6341 | D:7      | Reached skill level 5 in Spellcasting
  6372 | D:7      | Learned a level 5 spell: Blade Hands
  6377 | D:7      | Learned a level 4 spell: Ice Form
  6483 | D:7      | Found a sparkling altar of Nemelex Xobeh.
  6859 | D:8      | Noticed a hill giant
  6884 | D:8      | Killed a hill giant
  6884 | D:8      | Reached skill level 11 in Dodging
  6884 | D:8      | Reached XP level 10. HP: 70/70 MP: 18/22
  6890 | D:8      | Noticed Pikel
  6912 | D:8      | Killed Pikel
  7020 | D:8      | Found an opulent altar of Gozag.
  7071 | D:8      | Reached skill level 12 in Dodging
  7077 | D:8      | Noticed Prince Ribbit
  7103 | D:8      | Killed Prince Ribbit
  7341 | D:8      | Reached skill level 13 in Dodging
  7972 | D:9      | Found a bloodstained altar of Trog.
  8166 | D:9      | You fall through a shaft for 2 floors!
  8361 | D:10     | Entered Level 10 of the Dungeon
  8393 | D:10     | Noticed a hill giant
  8440 | D:10     | Killed a hill giant
  8440 | D:10     | Reached skill level 5 in Fighting
  8527 | D:10     | Reached XP level 11. HP: 80/80 MP: 19/23
  8967 | D:9      | Noticed a hill giant
  8979 | D:9      | Killed a hill giant
  9405 | D:10     | Noticed a hill giant
  9429 | D:10     | Killed a hill giant
 10080 | D:11     | Found a staircase to the Lair.
 10100 | D:11     | Acquired Sif Muna's second power
 10109 | D:11     | Noticed Urug
 10120 | D:11     | Killed Urug
 10189 | D:11     | Found a staircase to the Orcish Mines.
 10201 | D:11     | Noticed UristMcMason's ghost (powerful DEEE)
 10224 | D:11     | Killed UristMcMason's ghost
 10398 | D:11     | Noticed an eight-headed hydra
 10725 | Lair:1   | Entered Level 1 of the Lair of Beasts
 10833 | Lair:1   | Reached skill level 10 in Transmutations
 11324 | Lair:1   | Reached XP level 12. HP: 86/86 MP: 24/25
 11341 | Lair:1   | Reached skill level 14 in Dodging
 12471 | Lair:2   | Reached skill level 15 in Dodging
 13333 | Lair:3   | Reached skill level 16 in Dodging
 13617 | Lair:3   | Found a staircase to the Snake Pit.
 13732 | Lair:3   | Reached skill level 1 in Evocations
 13736 | Lair:3   | Noticed Maud
 13814 | Lair:3   | Killed Maud
 13832 | Lair:3   | Noticed a five-headed hydra
 13861 | Lair:3   | Killed a five-headed hydra
 13861 | Lair:3   | Reached skill level 5 in Evocations
 14252 | Lair:3   | Found a runed door.
 14265 | Lair:3   | Noticed Gastronok
 14282 | Lair:3   | Killed Gastronok
 14282 | Lair:3   | Reached XP level 13. HP: 91/91 MP: 26/28
 14916 | Lair:3   | Reached skill level 1 in Ice Magic
 15017 | Orc:1    | Entered Level 1 of the Orcish Mines
 15084 | Orc:1    | Found a dark tunnel.
 15089 | Volcano  | Entered a volcano
 15136 | Volcano  | Acquired Sif Muna's third power
 15950 | Orc:2    | Found a flagged portal.
 15959 | Orc:2    | Noticed Psyche
 15969 | Orc:2    | Killed Psyche
 15976 | Bailey   | Entered a bailey
 16180 | Bailey   | Noticed Kemay's ghost (powerful MfTm)
 16187 | Bailey   | Killed Kemay's ghost
 17291 | Orc:3    | Noticed Harold
 17438 | Orc:3    | Killed Harold
 17631 | Orc:3    | Noticed Erica
 17646 | Orc:3    | Killed Erica
 17646 | Orc:3    | Reached skill level 17 in Dodging
 17785 | Orc:3    | Found a roughly hewn altar of Beogh.
 17892 | Orc:3    | Found a staircase to the Elven Halls.
 18255 | Orc:4    | Entered Level 4 of the Orcish Mines
 18311 | Orc:4    | Noticed Nessos
 18402 | Orc:4    | Noticed Donald
 18432 | Orc:4    | Slain by Donald

Action                   |  1- 3 |  4- 6 |  7- 9 | 10-12 | 13-15 || total
-------------------------+-------+-------+-------+-------+-------++-------
Melee: Unarmed           |   119 |   195 |   424 |   748 |   514 ||  2000
Throw: Javelin           |       |     4 |       |       |       ||     4
 Cast: Beastly Appendage |     9 |     3 |     9 |     5 |     4 ||    30
       Spider Form       |     4 |    14 |    26 |    41 |    34 ||   119
       Ice Form          |       |       |       |    16 |     2 ||    18
       Blade Hands       |       |       |       |     1 |     2 ||     3
 Abil: End Transformatio |     2 |       |     2 |     7 |     5 ||    16
Evoke: Rod               |       |       |     7 |     2 |     9 ||    18
       Wand              |       |       |     3 |     2 |     3 ||     8
       Phial of floods   |       |       |       |     1 |       ||     1
  Use: Scroll            |     9 |     4 |     9 |    13 |     3 ||    38
       Potion            |       |       |     3 |     6 |     4 ||    13
 Stab: Sleeping          |     1 |     1 |     1 |     8 |     1 ||    12
       Distracted        |       |       |       |     2 |       ||     2
  Eat: Chunk             |     2 |     9 |    17 |    34 |    17 ||    79
       Pizza             |     1 |       |       |       |       ||     1
       Fruit             |       |       |     1 |     1 |     1 ||     3
